 Dungeon Crawl Stone Soup version 0.19.3 (console) character file.

132079 Kloppie the Tortoise (level 17, 0/110 HPs)
             Began as a Gargoyle Berserker on Jan 22, 2017.
             Was the Champion of Trog.
             Slain by Kloppie's ghost (25 damage)
             ... on level 2 of the Snake Pit.
             The game lasted 00:44:06 (25714 turns).

Kloppie the Tortoise (Gargoyle Berserker)          Turns: 25714, Time: 00:44:06

Health: 0/110      AC: 39    Str: 22 (23) XL:     17   Next: 11%
Magic:  17/17      EV:  9    Int:  7 (8)  God:    Trog [******]
Gold:   1258       SH: 24    Dex: 13 (14) Spells: 0 memorised, 16 levels left

rFire  + + +     SeeInvis +     C - +2 eveningstar (holy)
rCold  . . .     Gourm    .     g - +1 plate armour
rNeg   + . .     Faith    .     O - +2 shield {rF+}
rPois  ∞         Spirit   .     l - +0 helmet
rElec  +         Reflect  +     e - +2 cloak
rCorr  .         Harm     .     s - +2 pair of gloves
MR     +++..                    (no boots)
Stlth  ..........               t - +5 amulet of reflection
                                Q - ring of see invisible
                                N - ring of protection from fire

@: exhausted, starving, regenerating, slowed, heavily drained, very slow
A: big wings, talons 1, large bone plates 1, deterioration 1, fire resistance 1,
mutation resistance 1, negative energy resistance 1, electricity resistance,
wild magic 1, unbreathing, petrification resistance, rot immunity, AC +12
a: Fly, Berserk, Trog's Hand, Brothers in Arms, Burn Spellbooks, Renounce
Religion


You were on level 2 of the Snake Pit.
You worshipped Trog.
Trog was exalted by your worship.
You were starving.

You visited 4 branches of the dungeon, and saw 25 of its levels.
You also visited: Ossuary and Ice Cave.

You collected 2356 gold pieces.
You spent 1098 gold pieces at shops.

Inventory:

Hand Weapons
 a - a +3 demon whip of freezing
 C - a +2 eveningstar of holy wrath (weapon)
 T - a +2 morningstar of freezing
Armour
 e - a +2 cloak (worn)
 g - a +1 plate armour (worn)
 l - a +0 helmet (worn)
 s - a +2 pair of gloves (worn)
 M - a +0 large shield
 O - a +2 shield of fire resistance (worn)
Jewellery
 t - a +5 amulet of reflection (around neck)
 N - a ring of protection from fire (left hand)
 Q - a ring of see invisible (right hand)
Wands
 h - a wand of teleportation (9/9)
 n - a wand of lightning (6/15)
 D - a wand of acid (9/15)
 F - a wand of digging (12/24)
 J - a wand of hasting (2/9)
 S - a wand of iceblast (6/15)
Scrolls
 b - a scroll of silence
 f - 2 scrolls of fog
 m - 2 scrolls of fear
 q - 4 scrolls of blinking
 v - a scroll of noise
 x - 4 scrolls of remove curse
 y - 6 scrolls of teleportation
 E - 8 scrolls of identify
 H - a scroll of recharging
Potions
 d - 2 potions of ambrosia
 j - 8 potions of curing
 k - 3 potions of might
 w - 2 potions of resistance
 z - 4 potions of brilliance
 A - a potion of magic
 K - a potion of agility
Comestibles
 c - 8 bread rations
 i - a fruit
 o - 11 meat rations
 p - 6 slices of pizza
 r - 5 beef jerkies
 B - 8 royal jellies


   Skills:
 + Level 13.8(11.7) Fighting
 - Level 16.0(13.8) Maces & Flails
 - Level 16.2(14.0) Armour
 - Level 7.0(5.3) Dodging
 - Level 15.3(13.1) Shields


You had 16 spell levels left.
You didn't know any spells.

Dungeon Overview and Level Annotations

Branches:
Dungeon (15/15)            Temple (0/1) D:7            Lair (6/6) D:9
 Shoals (0/4) Lair:4        Snake (2/4) Lair:3        Slime (0/5) Lair:6
    Orc (2/2) D:9             Elf (0/3) Orc:2        Vaults (0/5) D:14
 Depths (0/5) D:15

Altars:
Cheibriados
Fedhas
Sif Muna
Trog
Xom
Yredelemnul
Jiyva

Shops:
D:6 ?   D:14 =   D:15 %   Orc:2 [*=:%   Snake:2 !

Annotations:
Snake:2 exclusion: Roxanne, Kloppie's ghost, adept DrBe; Roxanne


Innate Abilities, Weirdness & Mutations

You are resistant to torment.
Your stone body is resilient. (AC +12)
You are immune to poison.
Your large and strong wings let you fly indefinitely.
You resist negative energy. (rN+)
You are resistant to electric shocks. (rElec)
You can survive without breathing.
You are immune to petrification.
You are immune to rotting.
You have sharp toenails.
You are partially covered in large bone plates. (SH +4)
Your body sometimes deteriorates upon taking damage.
Your flesh is heat resistant. (rF+)
You are somewhat resistant to further mutation.
Your spells are a little harder to cast, but a little more powerful.


Message History

Kloppie's ghost is severely damaged.
You block Kloppie's ghost's attack.
Your plate armour prevents you from hitting Kloppie's ghost.
Your kick misses Kloppie's ghost.
Kloppie's ghost is severely damaged.
Kloppie's ghost hits you!!
* * * LOW HITPOINT WARNING * * *
x2 You completely miss Kloppie's ghost.
Your kick misses Kloppie's ghost.
Kloppie's ghost is severely damaged.
You are starving!
You block Kloppie's ghost's attack.
You bludgeon Kloppie's ghost!!
Kloppie's ghost convulses.
Your kick misses Kloppie's ghost.
Kloppie's ghost is almost destroyed.
Kloppie's ghost breathes negative energy at you.
The bolt of negative energy misses you. You block Kloppie's ghost's attack.
You closely miss Kloppie's ghost.
Kloppie's ghost is almost destroyed.
Kloppie's ghost hits you!!
You die...

### #.### ## # #
##..# #. .# ..
#..# .#
.#####.#. ###..#
#. .........
.....#
#.###........
###..# #.#.)W..#
#..## #...@#
###..### #..###
##......#####.##
...........##.#
.####.........#
# ##....###..#
#..### ##.# #.##
#.. #..# ..#


You could see Kloppie's ghost.

Vanquished Creatures
  A nagaraja (Snake:2)
  The ghost of Naow the Executioner, a journeyman MiBe of Trog (IceCv)
  Aizul (Snake:1)
  An orc warlord (Orc:1)
  Louise (Snake:1)
  A stone giant (Orc:1)
  The ghost of Dolanko the Carver, a journeyman DsGl of Okawaru (Lair:4)
  Snorg (Lair:3)
  The ghost of loom the Eclecticist, a journeyman DECj of Vehumet (Lair:5)
  An ettin (D:15)
  A fire dragon (Lair:6)
  An ogre mage (D:15)
  Josephine (Orc:2)
  8 vault guards (D:14)
  8 hydras
  2 anacondas (Snake:1)
  The ghost of karate69 the Grappler, a novice TrMo (Lair:4)
  Erica (Lair:1)
  4 naga warriors
  3 centaur warriors
  A tengu warrior (D:15)
  A naga sharpshooter (Snake:1)
  5 orc high priests
  2 shock serpents (Snake:1)
  7 skeletal warriors
  An unseen horror (D:13)
  A wizard (D:15)
  3 deep trolls
  2 naga ritualists
  6 orc knights
  9 hill giants
  5 mana vipers
  A necromancer (IceCv)
  An orc sorcerer (Orc:1)
  10 ugly things
  A wolf spider (Lair:6)
  3 salamanders
  A cyclops (D:12)
  6 elephants (Lair:6)
  A siren (Lair:4)
  A centaur zombie (D:15)
  3 manticores (D:13)
  17 black mambas
  A torpor snail (Lair:6)
  2 guardian serpents
  2 gargoyles (D:12)
  An ice statue (IceCv)
  6 naga magi
  16 spiny frogs
  3 kobold demonologists
  A yaktaur (D:15)
  13 komodo dragons
  An efreet (D:15)
  7 rime drakes
  8 freezing wraiths (IceCv)
  A merfolk (Lair:4)
  3 meliai (D:15)
  19 trolls
  Grinder (D:4)
  2 two-headed ogres (D:14)
  3 polar bears
  4 hornets (Lair:6)
  A slime creature (D:13)
  8 blink frogs
  A meliai zombie (D:11)
  10 hippogriffs
  3 redbacks (Lair:6)
  7 wraiths
  53 yaks
  12 wyverns
  5 hungry ghosts
  A steam dragon (Lair:6)
  4 basilisks
  2 vampire mosquitoes (D:13)
  Menkaure (D:7)
  A mottled dragon (Lair:6)
  17 nagas
  2 wargs (Orc:2)
  2 soldier ants
  17 water moccasins
  6 porcupines
  39 orc warriors
  9 ice beasts
  7 phantoms
  2 swamp drakes (Lair:6)
  4 sky beasts
  2 black bears
  An alligator simulacrum (IceCv)
  4 boggarts (D:15)
  7 centaurs
  6 wolves (Lair:2)
  9 ogres
  16 crocodiles
  3 big kobolds
  16 bullfrogs
  A gnoll sergeant (D:10)
  2 elf skeletons (D:8)
  A wyvern zombie (D:12)
  2 water moccasin zombies
  A water moccasin skeleton (D:4)
  5 scorpions
  15 killer bees
  8 wights
  4 howler monkeys
  6 electric eels
  7 crimson imps
  A bullfrog zombie (D:6)
  4 jellies
  A quasit (D:10)
  4 draconian simulacra (IceCv)
  3 bullfrog skeletons
  2 centaur skeletons
  12 hounds
  39 orc priests
  6 iguanas
  28 orc wizards
  3 spriggan simulacra (IceCv)
  12 worker ants
  2 polar bear simulacra (IceCv)
  2 troll simulacra (IceCv)
  A killer bee zombie (D:7)
  A wolf simulacrum (IceCv)
  5 big kobold zombies (Ossuary)
  2 centaur simulacra (IceCv)
  A hound zombie (D:5)
  2 hound skeletons
  A mummy (Ossuary)
  2 worker ant zombies
  6 gnolls
  14 adders
  2 naga simulacra (IceCv)
  3 ogre simulacra (IceCv)
  3 river rats
  3 shadow imps
  9 white imps (IceCv)
  5 oozes (D:13)
  4 dart slugs
  2 leopard geckos
  120 orcs
  3 spectral bats (Ossuary)
  3 giant cockroaches
  7 gnoll zombies (Ossuary)
  4 goblins
  4 hobgoblins
  7 jackals
  2 quokkas
  4 ball pythons
  10 bats
  3 bat simulacra (Ossuary)
  6 frilled lizards
  2 goblin simulacra (Ossuary)
  4 goblin zombies (Ossuary)
  5 hobgoblin zombies (Ossuary)
  24 kobolds
  2 kobold simulacra (Ossuary)
  6 kobold zombies (Ossuary)
  4 orc skeletons (D:8)
  3 orc zombies (Ossuary)
  A quokka skeleton (D:4)
  4 rats (D:1)
  2 rat simulacra (Ossuary)
  3 spectral goblins (Ossuary)
  A spectral kobold (Ossuary)
  2 spectral rats (Ossuary)
973 creatures vanquished.

Vanquished Creatures (collateral kills)
  A hill giant (D:10)
  2 freezing wraiths (IceCv)
  A hungry ghost (D:10)
  A troll simulacrum (IceCv)
  A centaur simulacrum (IceCv)
  3 gnolls (D:10)
  2 ogre simulacra (IceCv)
  3 white imps (IceCv)
14 creatures vanquished.

Vanquished Creatures (others)
  Nessos (D:12)
  A naga sharpshooter (Snake:1)
  A cyclops (D:15)
  A shadow (D:15)
  A naga (Snake:2)
  2 orcs
  2 kobolds
  4 fungi
  14 plants
27 creatures vanquished.

Grand Total: 1014 creatures vanquished

Notes
Turn   | Place    | Note
-------+----------+-------------------------------------------
     0 | D:1      | Kloppie the Gargoyle Berserker began the quest for the Orb.
     0 | D:1      | Reached XP level 1. HP: 14/14 MP: 1/1
   328 | D:1      | Reached XP level 2. HP: 18/19 MP: 2/2
   590 | D:1      | Reached XP level 3. HP: 23/23 MP: 3/3
  1097 | D:2      | Reached ** piety under Trog
  1473 | D:2      | Found a faded altar of an unknown god.
  1513 | D:2      | Found a snail-covered altar of Cheibriados.
  1753 | D:3      | Found a shimmering altar of Xom.
  1755 | D:3      | You fall through a shaft for 3 floors!
  1784 | D:6      | Noticed a scorpion
  1796 | D:6      | Killed a scorpion
  1796 | D:6      | Reached XP level 4. HP: 28/28 MP: 4/4
  1812 | D:5      | Entered Level 5 of the Dungeon
  1875 | D:5      | Noticed an ice beast
  1890 | D:5      | Killed an ice beast
  1890 | D:5      | Reached XP level 5. HP: 16/32 MP: 5/5
  2114 | D:4      | Noticed Grinder
  2119 | D:4      | Noticed a phantom
  2125 | D:4      | Paralysed by Grinder for 4 turns
  2154 | D:4      | Killed Grinder
  2154 | D:4      | Reached skill level 5 in Maces & Flails
  2154 | D:4      | Reached skill level 5 in Armour
  2154 | D:4      | Reached XP level 6. HP: 15/37 MP: 6/6
  2213 | D:4      | Killed a phantom
  2213 | D:4      | Reached XP level 7. HP: 17/41 MP: 7/7
  3288 | D:4      | Found a blossoming altar of Fedhas.
  3290 | D:4      | Found a bloodstained altar of Trog.
  3933 | D:5      | Reached XP level 8. HP: 41/46 MP: 8/8
  4026 | D:5      | Gained mutation: Your spells are a little harder to cast, but a little more powerful. [potion of beneficial mutation]
  4599 | D:5      | Reached *** piety under Trog
  5036 | D:6      | Found a basalt altar of Yredelemnul.
  5105 | D:6      | Found Rinomelo's Magic Scroll Shop.
  5112 | D:6      | Reached XP level 9. HP: 33/52 MP: 9/9
  5119 | D:6      | Bought a scroll of enchant armour for 75 gold pieces
  5437 | D:7      | Reached skill level 5 in Fighting
  5668 | D:7      | Noticed Menkaure
  5674 | D:7      | Killed Menkaure
  6074 | D:7      | Found a staircase to the Ecumenical Temple.
  6192 | D:7      | Gained mutation: You are partially covered in large bone plates. (SH +4) [potion of mutation]
  6192 | D:7      | Gained mutation: You have sharp toenails. [potion of mutation]
  6192 | D:7      | Gained mutation: Your flesh is heat resistant. (rF+) [potion of mutation]
  6342 | D:8      | Found a blossoming altar of Fedhas.
  6541 | D:8      | Reached **** piety under Trog
  6559 | D:8      | Found a sand-covered staircase.
  6587 | Ossuary  | Entered an ossuary
  6752 | Ossuary  | Reached skill level 10 in Maces & Flails
  6789 | Ossuary  | Reached ***** piety under Trog
  6934 | D:8      | Gained mutation: You are somewhat resistant to further mutation. [potion of beneficial mutation]
  6997 | D:8      | Noticed a brown ugly thing
  7023 | D:8      | Killed a brown ugly thing
  7023 | D:8      | Reached XP level 10. HP: 57/64 MP: 10/10
  7389 | D:8      | Found a deep blue altar of Sif Muna.
  7638 | D:9      | Received a gift from Trog
  7724 | D:9      | Received a gift from Trog
  7755 | D:9      | Found a staircase to the Lair.
  8167 | D:9      | Noticed a deep troll
  8175 | D:9      | Reached skill level 10 in Armour
  8179 | D:9      | Killed a deep troll
  8182 | D:9      | Reached XP level 11. HP: 68/68 MP: 11/11
  8245 | D:9      | Noticed a deep troll
  8252 | D:9      | Killed a deep troll
  8362 | D:9      | Found a staircase to the Orcish Mines.
  8996 | Lair:1   | Entered Level 1 of the Lair of Beasts
  9321 | Lair:1   | Noticed an eight-headed hydra
  9327 | Lair:1   | Killed an eight-headed hydra
  9390 | Lair:1   | Noticed Erica
  9425 | Lair:1   | Killed Erica
  9855 | Lair:2   | Reached XP level 12. HP: 60/73 MP: 12/12
 10558 | Lair:3   | Noticed a four-headed hydra
 10720 | Lair:2   | Killed a four-headed hydra
 11050 | Lair:3   | Received a gift from Trog
 11086 | Lair:3   | Found a staircase to the Snake Pit.
 11182 | Lair:3   | Noticed Snorg
 11201 | Lair:3   | Killed Snorg
 11580 | Lair:4   | Noticed karate69's ghost (novice TrMo)
 11586 | Lair:4   | Noticed Dolanko's ghost (journeyman DsGl)
 11596 | Lair:4   | Killed karate69's ghost
 11596 | Lair:4   | Reached XP level 13. HP: 78/78 MP: 13/13
 11601 | Lair:4   | Killed Dolanko's ghost
 11642 | Lair:4   | Reached skill level 15 in Maces & Flails
 11653 | Lair:4   | Reached skill level 5 in Dodging
 11875 | Lair:4   | Found a staircase to the Shoals.
 12565 | Lair:5   | Noticed loom's ghost (journeyman DECj)
 12577 | Lair:5   | Killed loom's ghost
 13134 | Lair:6   | Entered Level 6 of the Lair of Beasts
 13148 | Lair:6   | Found a staircase to the Slime Pits.
 13148 | Lair:6   | Found a viscous altar of Jiyva.
 13530 | Lair:6   | Received a gift from Trog
 14039 | Lair:6   | Gained mutation: Your large and strong wings let you fly indefinitely. [Gargoyle growth]
 14039 | Lair:6   | Reached XP level 14. HP: 75/86 MP: 14/14
 14246 | Lair:6   | Reached skill level 10 in Fighting
 15075 | Lair:6   | Reached skill level 15 in Armour
 15387 | Orc:1    | Entered Level 1 of the Orcish Mines
 15388 | Orc:1    | Noticed an orc warlord
 15402 | Orc:1    | Killed an orc warlord
 15425 | Orc:1    | Reached ****** piety under Trog
 15488 | Orc:1    | Received a gift from Trog
 16027 | Orc:2    | Entered Level 2 of the Orcish Mines
 16104 | Orc:2    | Noticed a stone giant
 16113 | Orc:2    | Noticed Josephine
 16497 | Orc:1    | Killed a stone giant
 16631 | Orc:2    | Received a gift from Trog
 16806 | Orc:2    | Found a staircase to the Elven Halls.
 16864 | Orc:2    | Found Opir's Food Emporium.
 17111 | Orc:2    | Killed Josephine
 17755 | Orc:1    | Reached XP level 15. HP: 80/97 MP: 15/15
 18010 | Orc:2    | Received a gift from Trog
 18088 | Orc:2    | Gained mutation: Your body sometimes deteriorates upon taking damage. [a neqoxec]
 18263 | Orc:2    | Found Udastrugogh's Antique Armour Shop.
 18266 | Orc:2    | Found Wyug's Jewellery Boutique.
 18267 | Orc:2    | Found Riuqotul's Book Shop.
 18268 | Orc:2    | Found Nefits's Assorted Antiques.
 18272 | Orc:2    | Bought a +2 amulet of reflection for 350 gold pieces
 18275 | Orc:2    | Bought a runed buckler for 241 gold pieces
 18275 | Orc:2    | Bought a scroll labeled CUIB HIDUGECWUXZY for 23 gold pieces
 18276 | Orc:2    | Bought a shiny shield for 409 gold pieces
 18447 | D:10     | Entered Level 10 of the Dungeon
 18517 | D:10     | Reached skill level 1 in Shields
 19431 | D:11     | Reached skill level 5 in Shields
 19737 | D:12     | Noticed Nessos
 19760 | D:12     | Killed Nessos
 20061 | D:12     | Received a gift from Trog
 20425 | D:12     | Received a gift from Trog
 21571 | D:14     | Reached skill level 10 in Shields
 21753 | D:14     | Reached XP level 16. HP: 104/104 MP: 16/16
 21799 | D:14     | Found a gate to the Vaults.
 21900 | D:14     | Found a frozen archway.
 21911 | IceCv    | Entered an ice cave
 22421 | IceCv    | Found an ancient bone altar of Kikubaaqudgha.
 22468 | IceCv    | Noticed Naow's ghost (journeyman MiBe)
 22501 | IceCv    | Killed Naow's ghost
 22509 | IceCv    | Received a gift from Trog
 22730 | IceCv    | Got a steaming hat
 22736 | IceCv    | Identified the -7 hat of the Arcane {Dex+6} (You found it in an ice cave)
 23240 | D:14     | Found Gycwess's Jewellery Shop.
 23503 | D:15     | Entered Level 15 of the Dungeon
 23524 | D:15     | Found Zeluv's Food Shop.
 23917 | D:15     | Received a gift from Trog
 24031 | D:15     | Found a staircase to the Depths.
 24384 | Snake:1  | Entered Level 1 of the Snake Pit
 24698 | Snake:1  | Noticed Aizul
 24721 | Snake:1  | Killed Aizul
 25184 | Snake:1  | Noticed Louise
 25226 | Snake:1  | Killed Louise
 25226 | Snake:1  | Reached skill level 15 in Shields
 25352 | Snake:2  | Reached XP level 17. HP: 82/109 MP: 17/17
 25381 | Snake:2  | Found Yclunkak's Distillery.
 25428 | Snake:2  | Noticed Roxanne
 25526 | Snake:2  | Received a gift from Trog
 25633 | Snake:2  | Noticed Kloppie's ghost (adept DrBe)
 25714 | Snake:2  | Slain by Kloppie's ghost

Skill      XL: |  1  2  3  4  5  6  7  8  9 10 11 12 13 14 15 16 |
---------------+-------------------------------------------------+-----
Armour         | 3 4 5 6 7 8 10 12 13 14 15 16 | 16.2
Maces & Flails | 4 5 6 8 10 11 13 14 16 | 16.0
Fighting       | 4 7 9 12 13 | 13.8
Dodging        | 4 6 7 |  7.0
Shields        | 10 15 | 15.3

Action                   |  1- 3 |  4- 6 |  7- 9 | 10-12 | 13-15 | 16-18 || total
-------------------------+-------+-------+-------+-------+-------+-------++-------
Melee: Mace              |   147 |    71 |   162 |       |       |       ||   380
       Flail             |       |       |   454 |   150 |       |       ||   604
       Kick              |       |       |    65 |   190 |   663 |   333 ||  1251
       Morningstar       |       |       |       |   445 |  2050 |   519 ||  3014
       Eveningstar       |       |       |       |       |       |   418 ||   418
       Demon whip        |       |       |       |       |       |    65 ||    65
Invok: Berserk           |     2 |     3 |     6 |     9 |    11 |     5 ||    36
       Trog's Hand       |       |     2 |       |     7 |    12 |     7 ||    28
       Brothers in Arms  |       |       |       |       |       |     1 ||     1
 Abil: Fly               |       |       |       |       |     1 |       ||     1
       Stop Flying       |       |       |       |       |     1 |       ||     1
Evoke: Wand              |       |     2 |       |       |       |       ||     2
  Use: Potion            |       |       |    10 |     2 |     1 |     6 ||    19
       Scroll            |       |       |    13 |     9 |     8 |     2 ||    32
 Stab: Confused          |       |       |       |       |     1 |       ||     1
       Invisible         |       |       |       |       |       |     2 ||     2
  Eat: Chunk             |     4 |     2 |    19 |    28 |    59 |    10 ||   122
       Bread ration      |       |     1 |       |       |       |       ||     1
       Royal jelly       |       |       |       |       |       |     3 ||     3
       Meat ration       |       |       |       |       |       |     1 ||     1
Armor: Scale mail        |    71 |       |       |       |       |       ||    71
       Chain mail        |    46 |    53 |   381 |   173 |       |       ||   653
       Plate armour      |       |       |       |   252 |   938 |   247 ||  1437
Dodge: Dodged            |   110 |    26 |   211 |   199 |   695 |   145 ||  1386
Block: Other             |       |       |    26 |    93 |   189 |       ||   308
       Shield            |       |       |       |       |   413 |   928 ||  1341
       Buckler           |       |       |       |       |   127 |       ||   127
       Reflection        |       |       |       |       |    24 |    46 ||    70
